 Dungeon Crawl Stone Soup version 0.28.0-43-g3370ac3207 (webtiles) character file.

Game seed: 16501887881184587849

5063 mortz the Destroyer (level 10, 0/70 HPs)
             Began as a Human Conjurer on Mar 19, 2022.
             Was a Believer of Vehumet.
             Slain by Erica
             ... wielding a +2 scimitar of flaming
              (2 damage)
             ... on level 9 of the Dungeon on Mar 20, 2022.
             The game lasted 01:22:35 (11860 turns).

mortz the Destroyer (Human Conjurer)               Turns: 11860, Time: 01:22:36

Health: 0/70       AC: 14    Str:  8    XL:     10   Next: 86%
Magic:  19/31      EV:  9    Int: 26    God:    Vehumet [**....]
Gold:   409        SH:  8    Dex: 14    Spells: 18/25 levels left

rFire   . . .      SeeInvis .   c - +4 war axe of the Median {drain, rElec, axe}
rCold   . . .      Faith    .   F - +0 kite shield
rNeg    . . .      Spirit   .   K - +0 swamp dragon scales
rPois   +          Reflect  .   (no helmet)
rElec   +          Harm     .   k - +1 cloak
rCorr   .          Rampage  .   a - +2 pair of gloves
Will    .....                   (no boots)
Stlth   ++........              (no amulet)
HPRegen 0.21/turn               f - +6 ring of intelligence
MPRegen 0.22/turn               h - ring of magical power

@: slowed, studying Maces & Flails, very slow
A: no striking features
a: Renounce Religion


You were on level 9 of the Dungeon.
You worshipped Vehumet.
Vehumet was pleased with you.
You visited 2 branches of the dungeon, and saw 10 of its levels.

You collected 409 gold pieces.


   Skills:
 + Level 3.2 Fighting
 + Level 1.0 Long Blades
 * Level 2.0 Axes
 + Level 5.2 Armour
 + Level 4.0 Dodging
 + Level 4.1 Stealth
 + Level 1.8 Shields
 + Level 8.1 Spellcasting
 + Level 10.0 Conjurations


You had 18 spell levels left.
You knew the following spells:

 Your Spells              Type           Power      Damage    Failure   Level
a - Magic Dart            Conj           100%       1d8       1%          1
b - Searing Ray           Conj           100%       2d8       1%          2
c - Iskenderun's Mystic   Conj/Tloc      36%        2d9       54%         4

Your spell library contained the following spells:

 Spells                   Type           Power      Damage    Failure   Level
 Shock                    Conj/Air       100%       1d9       7%          1
 Dazzling Flash           Conj/Hex       72%        N/A       21%         3
 Animate Skeleton         Necr           20%        N/A       45%         1
 Pain                     Necr           40%        1d6       45%         1
 Slow                     Hex            40%        N/A       45%         1
 Fulminant Prism          Conj/Hex       18%        3d11      54%         4
 Confusing Touch          Hex            10%        N/A       83%         3
 Vampiric Draining        Necr           10%        2d6       83%         3

Inventory:

Hand Weapons
 b - a +3 trident {polearm}
   (You took it off a wight on level 6 of the Dungeon)
 c - the +4 war axe of the Median (weapon) {drain, rElec, axe}
   (You found it on level 8 of the Dungeon)

   A truly terrible weapon, it drains the life of any living foe it strikes.
   rElec:     It insulates you from electricity.
 e - a +0 hand axe of flaming {axe}
   (You took it off an orc on level 7 of the Dungeon)
 E - a +2 scimitar of freezing {long}
   (You took it off an orc warrior on level 5 of the Dungeon)
 J - a +2 morningstar of draining {mace}
   (You took it off Maggie on level 6 of the Dungeon)
Missiles
 d - 295 stones {throwing}
 i - 6 javelins {throwing}
 j - 31 poisoned darts {throwing}
Armour
 a - a +2 pair of gloves (worn)
   (You found it on level 6 of the Dungeon)
 k - a +1 cloak (worn)
   (You found it on level 1 of the Dungeon)
 s - a +0 buckler
   (You took it off a gnoll sergeant on level 5 of the Dungeon)
 F - a +0 kite shield (worn)
   (You took it off a gnoll sergeant on level 8 of the Dungeon)
 K - +0 swamp dragon scales (worn)
   (You took it off Maggie on level 6 of the Dungeon)
Magical Staves
 N - a staff of poison {!astaff}
   (You found it on level 8 of the Dungeon)
Jewellery
 f - a +6 ring of intelligence (left hand)
   (You took it off a hobgoblin on level 1 of the Dungeon)
 h - a ring of magical power (right hand)
   (You found it on level 1 of the Dungeon)
 x - a ring of protection from fire
   (You found it on level 6 of the Dungeon)
 B - a ring of protection from cold
   (You found it on level 4 of the Dungeon)
Wands
 u - a wand of digging (2)
   (You found it on level 6 of the Dungeon)
 I - a wand of flame (11)
   (You took it off Maggie on level 6 of the Dungeon)
Scrolls
 g - 3 scrolls of amnesia
 l - 2 scrolls of immolation {!r!r}
 n - 2 scrolls of magic mapping {!r}
 o - 3 scrolls of blinking {!r}
 q - 4 scrolls of teleportation {@r4}
 t - 2 scrolls of brand weapon
 v - 2 scrolls of fog
 w - 2 scrolls of vulnerability {unknown}
 y - a scroll of torment {unknown}
 L - a scroll of enchant armour {unknown}
Potions
 m - 2 potions of might
 p - a potion of haste {unknown}
 r - a potion of magic {unknown}
 z - 2 potions of curing {@q1}
 A - 2 potions of mutation {unknown}
 D - a potion of lignification {unknown}
 G - a potion of degeneration {unknown}
 H - a potion of flight {unknown}

Dungeon Overview and Level Annotations

Branches:
Dungeon (9/15)             Temple (1/1) D:5
   Lair: D:8-11         Orc: D:9-12

Altars:
Elyvilon
Makhleb
Nemelex Xobeh
Qazlal
Vehumet
The Shining One

Shops:
D:4 (   D:9 [

Annotations:
D:9 Erica

.###.#.#.#.#..# #
..............#####.#
....#.#.#.#.#.....#.##
###..................####
...#.#.#.#.#.#..#.#.....
.#..............#.#..#.#
..#.#.#.#.#.#.#......#
...............##.##.#
.#.#.#.#.#.#.#..@....#
.#.............#{#####
.##.#.#.#.#.#..#..
...................
...>.#)#.#.#..######
.##............. .
##.#...##.#### #.....# .#
#.....# .#


There were no monsters in sight!


Message History

Press: ? - help, Shift-Dir - straight line, f - Erica
Aim: Erica, wielding a +2 scimitar of flaming and wearing a +2 robe of positive energy (asleep, 100% to hit)
The searing ray hits Erica!
Erica shouts! (Press . to maintain the ray.) 😎 MP[-2]
You lost 2 mp, and now have 29/31 mp.
The searing ray hits Erica but does no damage.
Erica screams, "Coming here was suicide!
For you!" Erica casts a spell at you. The bolt of poison hits you.
You are poisoned.
You resist. 😕 HP[-4] MP[-1]
You take 4 damage, and now have 66/70 hp.
You lost 1 mp, and now have 28/31 mp.
The searing ray hits Erica.
You feel very sick.
Erica casts a spell.
Erica flickers and vanishes!
Deactivating autopickup; reactivate with Ctrl-A. 😕 HP[-5] MP[-1]
You take 5 damage, and now have 61/70 hp.
You lost 1 mp, and now have 27/31 mp.
The searing ray hits something.
You finish channelling your searing ray.
You feel very sick.
Something hits you but does no damage. 😕 HP[-3] MP[-1]
You take 3 damage, and now have 58/70 hp.
You lost 1 mp, and now have 26/31 mp.
Casting: Searing Ray (safe; 1% risk of failure)
Confirm with . or Enter, or press ? or * to list all spells.
You can't see any susceptible monsters within range! (Use Z to cast anyway.) Unknown command.
Casting: Searing Ray (safe; 1% risk of failure)
Confirm with . or Enter, or press ? or * to list all spells.
Aiming: Searing Ray (safe; 1% risk of failure)
Press: ? - help, Shift-Dir - straight line, f - you The searing ray hits something! (Press . to maintain the ray.)
You feel very sick.
Something hits you but does no damage. 😕 HP[-2] MP[-1]
You take 2 damage, and now have 56/70 hp.
You lost 1 mp, and now have 25/31 mp.
You feel sick. Something hits you. Something burns you. 😮 HP[-7] MP[-1]
You take 7 damage, and now have 49/70 hp.
You lost 1 mp, and now have 24/31 mp.
The searing ray hits something!
You feel sick.
You hear some strange, mumbled words.
You feel yourself slow down. 😮 HP[-2] MP[-1]
You take 2 damage, and now have 47/70 hp.
You lost 1 mp, and now have 23/31 mp.
You finish channelling your searing ray.
You feel sick. Something hits you. Something burns you.
You hear some strange, mumbled words.
A bolt of poison appears from out of thin air!
The bolt of poison hits you. You resist. 😮 HP[-10] MP[-1]
You take 10 damage, and now have 37/70 hp.
You lost 1 mp, and now have 22/31 mp.
Casting: Searing Ray (safe; 1% risk of failure)
Confirm with . or Enter, or press ? or * to list all spells.
Aiming: Searing Ray (safe; 1% risk of failure)
Press: ? - help, Shift-Dir - straight line, f - you The searing ray hits something. (Press . to maintain the ray.)
You feel sick.
Something hits you but does no damage. 😮 MP[-1]
You lost 1 mp, and now have 21/31 mp.
The searing ray hits something.
You feel sick. Something hits you.
* * * LOW HITPOINT WARNING * * *
Something burns you.
* * * LOW HITPOINT WARNING * * *
Something hits you!
* * * LOW HITPOINT WARNING * * *
Something burns you.
* * * LOW HITPOINT WARNING * * *
😨 HP[-19] MP[-1]
You take 19 damage, and now have 18/70 hp.
MASSIVE DAMAGE!! (PAUSE)
You lost 1 mp, and now have 20/31 mp.
The searing ray hits something!
You feel sick.
You are no longer poisoned.
Something hits you!
* * * LOW HITPOINT WARNING * * *
Something burns you.
* * * LOW HITPOINT WARNING * * *
😱 HP[-12] MP[-1]
You take 12 damage, and now have 6/70 hp.
You lost 1 mp, and now have 19/31 mp.
The searing ray hits something.
You finish channelling your searing ray.
Something hits you.
* * * LOW HITPOINT WARNING * * *
Something burns you.
You die...

Skill      XL: |  1  2  3  4  5  6  7  8  9 10 |
---------------+-------------------------------+-----
Conjurations   | 5 6 7 8 9 10 | 10.0
Spellcasting   | 3 4 6 7 8 |  8.1
Fighting       | 1 2 3 |  3.2
Stealth        | 3 4 |  4.1
Dodging        | 3 4 |  4.0
Armour         | 3 5 |  5.2
Shields        | 1 |  1.8
Long Blades    | 1 |  1.0
Axes           | 2 |  2.0

Action                   |  1- 3 |  4- 6 |  7- 9 | 10-12 || total
-------------------------+-------+-------+-------+-------++-------
Melee: Scimitar          |       |       |     2 |       ||     2
Throw: Dart              |       |       |       |     3 ||     3
 Cast: Magic Dart        |    47 |    33 |    53 |    70 ||   203
       Searing Ray       |    14 |    34 |    71 |    48 ||   167
  Use: Scroll            |       |     4 |     3 |     3 ||    10
       Potion            |       |       |     1 |       ||     1
Armor: Robe              |     1 |       |     3 |       ||     4
       Swamp dragon scal |       |       |    29 |    15 ||    44
Dodge: Dodged            |     7 |     8 |    58 |    14 ||    87
Block: Buckler           |       |       |    14 |     3 ||    17
       Kite shield       |       |       |       |     7 ||     7

Levels and vault maps discovered:
D:1:      heliophobic_arrival_glass_houses, layout_loops_corners,
          minmay_misc_feat_ornament, minmay_misc_feat_more_columns
D:2:      layout_loops_ring, shapermc_ecumenical_altar_mp_ritualfount,
          minmay_snake_closets
D:3:      layout_loops_ring, mainiacjoe_overflow_small_starburst,
          nemelex_dance_club_becter, nicolae_qazlal_scattered_showers
D:4:      layout_basic, nicolae_shop_firing_range
D:5:      layout_loops_ring, minmay_temple_entry_mini_moons,
          mrwooster_statue_mirror, corexii_checkpoint_a, grunt_decor_one_mirror,
          minmay_manual_macuahuitl
D:6:      layout_basic, kennysheep_pointless_box, uniq_maggie
D:7:      layout_layer_cave, nicolae_elyvilon_temple_path
D:8:      layout_cave_pods
D:9:      layout_basic, pdpol_wu_jian_five_deadly_venoms,
          lemuel_coloured_pillars_altar, serial_shops, nicolae_shop_waterfront,
          minmay_misc_feat_four_crosses, hex_medium, uniq_erica
Temple:   regret_index_temple_waves

Notes
Turn   | Place    | Note
-------+----------+-------------------------------------------
     0 | D:1      | mortz the Human Conjurer began the quest for the Orb.
     0 | D:1      | Reached XP level 1. HP: 13/13 MP: 3/3
     0 | D:1      | magus.rc [v1.9.6]
   241 | D:1      | Reached XP level 2. HP: 19/19 MP: 1/5
   383 | D:1      | Learned a level 2 spell: Searing Ray
   432 | D:1      | You pick up a book of Debilitation and begin reading...
   432 | D:1      | You add the spells Slow, Vampiric Draining and Confusing
                  | Touch to your library.
   801 | D:1      | Reached XP level 3. HP: 24/24 MP: 6/6
  1803 | D:2      | Reached skill level 5 in Conjurations
  1984 | D:2      | Reached XP level 4. HP: 30/30 MP: 7/7
  2225 | D:2      | Found a faded altar of an unknown god.
  2279 | D:2      | Reached XP level 5. HP: 35/35 MP: 9/9
  2944 | D:3      | Reached skill level 3 in Spellcasting
  2944 | D:3      | Reached XP level 6. HP: 42/42 MP: 10/10
  3055 | D:3      | Reached skill level 6 in Conjurations
  3124 | D:3      | Found a glowing golden altar of the Shining One.
  3341 | D:3      | Found a stormy altar of Qazlal.
  3496 | D:3      | Found a sparkling altar of Nemelex Xobeh.
  4148 | D:4      | Reached XP level 7. HP: 47/47 MP: 12/12
  4461 | D:4      | Reached skill level 1 in Fighting
  4461 | D:4      | Reached skill level 4 in Spellcasting
  4925 | D:4      | Reached skill level 3 in Stealth
  4981 | D:4      | Found Riwo's Firing Range.
  5159 | D:5      | Entered Level 5 of the Dungeon
  5487 | D:5      | Reached skill level 7 in Conjurations
  5612 | D:5      | Reached XP level 8. HP: 54/54 MP: 15/15
  5691 | D:5      | Found a staircase to the Ecumenical Temple.
  5709 | D:5      | HP: 5/54 [gnoll sergeant/+1 vorpal spear (11)]
  5714 | D:5      | Reached skill level 5 in Spellcasting
  5718 | D:5      | HP: 10/54 [orc wizard/+0 dagger (4)]
  5807 | Temple   | Entered the Ecumenical Temple
  5814 | Temple   | Became a worshipper of Vehumet
  6292 | D:5      | HP: 12/54 [orc warrior/+2 scimitar of freezing (5)]
  6538 | D:5      | Learned a level 4 spell: Iskenderun's Mystic Blast
  6969 | D:5      | magus.rc [v1.9.6]
  7037 | D:6      | Reached skill level 2 in Fighting
  7040 | D:6      | Noticed Maggie
  7060 | D:6      | Killed Maggie
  7061 | D:6      | Reached skill level 6 in Spellcasting
  7061 | D:6      | Reached skill level 8 in Conjurations
  7061 | D:6      | Reached XP level 9. HP: 30/62 MP: 4/18
  7428 | D:6      | HP: 10/62 [orc priest/divine providence (14)]
  7432 | D:6      | HP: 2/62 [orc priest/divine providence (9)]
  7435 | D:6      | Reached skill level 3 in Dodging
  7800 | D:6      | Reached skill level 1 in Armour
  7800 | D:6      | Reached skill level 4 in Stealth
  7996 | D:6      | magus.rc [v1.9.6]
  7996 | D:6      | magus.rc [v1.9.6]
  8010 | D:6      | Reached skill level 1 in Shields
  8133 | D:6      | Reached skill level 1 in Long Blades
  8133 | D:6      | Reached skill level 2 in Armour
  8193 | D:6      | You pick up a book of Necromancy and begin reading...
  8193 | D:6      | You add the spells Pain and Animate Skeleton to your
                  | library.
  8816 | D:6      | Reached * piety under Vehumet
  8816 | D:6      | Offered knowledge of Freeze by Vehumet.
  8911 | D:6      | magus.rc [v1.9.6]
  9092 | D:7      | Reached skill level 3 in Armour
  9092 | D:7      | Reached skill level 7 in Spellcasting
  9092 | D:7      | Reached skill level 9 in Conjurations
  9121 | D:7      | Reached XP level 10. HP: 61/69 MP: 20/20
  9516 | D:7      | Offered knowledge of Shock by Vehumet.
  9517 | D:7      | Reached skill level 3 in Fighting
  9519 | D:7      | Reached ** piety under Vehumet
  9680 | D:7      | Reached skill level 4 in Armour
  9780 | D:7      | Found a white marble altar of Elyvilon.
 10526 | D:8      | Identified the +4 war axe of the Median {drain, rElec}
 11081 | D:8      | Noticed a two-headed ogre
 11094 | D:7      | Killed a two-headed ogre
 11095 | D:7      | Reached skill level 1 in Axes
 11095 | D:7      | Reached skill level 5 in Armour
 11095 | D:7      | Reached skill level 8 in Spellcasting
 11424 | D:8      | Reached skill level 2 in Axes
 11424 | D:8      | Reached skill level 4 in Dodging
 11578 | D:9      | Found Hued's Armour Shoppe.
 11745 | D:9      | Reached skill level 10 in Conjurations
 11848 | D:9      | Noticed Erica
 11859 | D:9      | HP: 17/70 [poisoned by Erica (bolt of poison)]
 11859 | D:9      | HP: 6/70 [something (3)]
 11860 | D:9      | HP: 2/70 [something (5)]
 11860 | D:9      | Slain by Erica

Vanquished Creatures
  A two-headed ogre (D:7)
  A centaur zombie (D:6)
  Maggie (D:6)
  3 yaks (D:8)
  A wyvern (D:7)
  A wraith (D:7)
  A water moccasin (D:7)
  3 orc warriors
  A sky beast (D:5)
  A black bear (D:6)
  A necrophage (D:5)
  4 centaurs
  2 kobold brigands
  5 bullfrogs
  2 gnoll sergeants
  3 scorpions
  2 wyvern skeletons
  4 wights (D:6)
  An electric eel (D:7)
  A bullfrog zombie (D:6)
  4 hounds
  3 orc priests
  2 jellies
  2 gnoll shamans (D:7)
  A bullfrog skeleton (D:7)
  3 centaur skeletons
  3 iguanas
  4 orc wizards
  A killer bee zombie (D:8)
  A hound skeleton (D:4)
  8 adders
  26 gnolls
  A white imp (D:5)
  2 ufetubi
  4 worms
  19 orcs
  11 ball pythons
  7 bats
  12 endoplasms
  2 giant cockroaches (D:2)
  11 goblins
  7 hobgoblins
  2 jackals (D:4)
  7 quokkas
  5 frilled lizards
  20 kobolds
  3 rats
210 creatures vanquished.

Vanquished Creatures (others)
  5 fungi (D:2)
  21 plants
26 creatures vanquished.

Grand Total: 236 creatures vanquished

Table legend:
 A = Non-vault XP
 B = Vault XP
 C = Vault XP percentage of total XP
 D = Non-vault monster count
 E = Vault monster count
 F = Vault count percentage of total count
                 A         B        C        D         E       F
            +---------+---------+-------+---------+---------+-------
      Total |    6529 |     705 |   9.7 |     192 |      18 |   8.6
            +---------+---------+-------+---------+---------+-------
        D:1 |      55 |       0 |   0.0 |      31 |       0 |   0.0
        D:2 |      97 |      71 |  42.3 |      24 |       9 |  27.3
        D:3 |     139 |       5 |   3.5 |      14 |       2 |  12.5
        D:4 |     415 |       0 |   0.0 |      20 |       0 |   0.0
        D:5 |     720 |     225 |  23.8 |      15 |       6 |  28.6
        D:6 |    1493 |     404 |  21.3 |      31 |       1 |   3.1
        D:7 |    2482 |       0 |   0.0 |      38 |       0 |   0.0
        D:8 |     926 |       0 |   0.0 |      17 |       0 |   0.0
        D:9 |     202 |       0 |   0.0 |       2 |       0 |   0.0
            +---------+---------+-------+---------+---------+-------

Illustrated notes

Table legend:
 A = Kills in this place as a percentage of kills in entire the game.
 B = Kills by you in this place as a percentage of kills by you in the entire game.
 C = Kills by friends in this place as a percentage of kills by friends in the entire game.
 D = Other kills in this place as a percentage of other kills in the entire game.
 E = Experience gained in this place as a percentage of experience gained in the entire game.
 F = Experience gained in this place divided by the number of levels of this place that you have seen.
                   A       B       C       D       E      F
               +-------+-------+-------+-------+-------+----------------------
         Total | 100.0 | 100.0 |   N/A |   N/A | 100.0 | 723.4
       Dungeon | 100.0 | 100.0 |   N/A |   N/A | 100.0 | 803.8
               +-------+-------+-------+-------+-------+----------------------

Table legend: (Time is in decaauts)
 A = Elapsed time spent in this place.
 B = Non-inter-level travel time spent in this place.
 C = Inter-level travel time spent in this place.
 D = Time resting spent in this place.
 E = Time spent auto-exploring this place.
 F = Levels seen in this place.
 G = Mean time per level.
                   A        B        C        D        E       F      G
               +--------+--------+--------+--------+--------+-----+--------+
         Total |  11870 |  11626 |    244 |   3222 |   6628 |  10 | 1187.0 |
       Dungeon |  11685 |  11441 |    244 |   3052 |   6628 |   9 | 1298.3 |
        Temple |    184 |    184 |      0 |    170 |      0 |   1 |  184.0 |
               +--------+--------+--------+--------+--------+-----+--------+

Top non-repeatable levels by time:
     D:5: 2108 daAuts
     D:1: 1647 daAuts
     D:6: 1625 daAuts
     D:7: 1497 daAuts
     D:4: 1460 daAuts
     D:2: 1223 daAuts
     D:8: 1011 daAuts
     D:3: 827 daAuts
     D:9: 284 daAuts
  Temple: 184 daAuts
